 Dungeon Crawl Stone Soup version 0.30.0-3-ga4e48a9924 (webtiles) character file.

Game seed: 7823463847110745172

6673 meatpath the Fighter (level 10, -4/97 HPs)
             Began as a Minotaur Berserker on May 7, 2023.
             Was an Elder of Trog.
             Hit by a javelin thrown by a centaur (8 damage)
             ... in a bailey.
             The game lasted 00:24:13 (9114 turns).

meatpath the Fighter (Minotaur Berserker)           Turns: 9114, Time: 00:24:13

Health: -4/97      AC: 15    Str: 24    XL:     10   Next: 73%
Magic:  9/9        EV:  9    Int:  6    God:    Trog [****..]
Gold:   367        SH: 14    Dex: 10    Spells: 9/9 levels left

rFire   . . .        w - +2 hand axe (flame)
rCold   . . .        x - +0 tower shield
rNeg    . . .        r - +0 scale mail
rPois   .            B - +2 hat
rElec   .            (no cloak)
rCorr   .            C - +2 pair of gloves {Stlth+}
SInv    .            a - +1 pair of boots
Will    .....        (no amulet)
Stlth   +            (no ring)
HPRegen 0.36/turn    (no ring)
MPRegen 0.11/turn

%: no passive effects
@: brilliant, on berserk cooldown, hasted and slowed, studying Maces & Flails
A: horns 2, retaliatory headbutt
a: Renounce Religion, Berserk, Trog's Hand, Brothers in Arms


You were in a bailey.
You worshipped Trog.
Trog was greatly pleased with you.
You visited 1 branch of the dungeon, and saw 9 of its levels.
You also visited: Bailey.

You collected 642 gold pieces.
You spent 275 gold pieces at shops.

Inventory:

Hand Weapons
 c - a +0 halberd
 w - a +2 hand axe of flaming (weapon)
 A - a +0 war axe
Armour
 a - a +1 pair of boots (worn)
 b - the +3 pair of boots of the Arcane {rC- Slay+5}
   (You acquired it on level 4 of the Dungeon)

   Slay:      It affects your accuracy & damage with ranged weapons and melee
   (+5).
   rC:        It makes you vulnerable to cold.
 r - a +0 scale mail (worn)
 x - a +0 tower shield (worn)
 B - a +2 hat (worn)
 C - a +2 pair of gloves of stealth (worn)
Wands
 f - a wand of polymorph (2)
 j - a wand of roots (3)
 y - a wand of light (4)
Scrolls
 h - a scroll of poison
 k - a scroll of fog
 l - 2 scrolls of enchant weapon
 n - a scroll of magic mapping
 s - 2 scrolls of teleportation
 t - 2 scrolls of immolation
 u - 2 scrolls of fear
Potions
 d - a potion of lignification
 e - a potion of resistance
 g - 2 potions of brilliance
 i - a potion of flight {unknown}
 m - 2 potions of attraction {unknown}
 o - 2 potions of heal wounds {unknown}
 p - 3 potions of mutation {unknown}
 q - a potion of experience
 z - 3 potions of curing {unknown}


   Skills:
 + Level 11.9 Fighting
 + Level 11.9 Axes
 - Level 6.3 Armour
 - Level 3.5 Dodging
 + Level 9.1 Shields


You had 9 spell levels left.
You didn't know any spells.
Your spell library was empty.

Dungeon Overview and Level Annotations

Branches:
Dungeon (9/15)             Temple (0/1) D:5          Bailey (1/1)
   Lair: D:8-11         Orc: D:9-12

Altars:
Dithmenos
Kikubaaqudgha
Qazlal
Trog
The Shining One

Shops:
D:6 [


Innate Abilities, Weirdness & Mutations

You have a pair of horns on your head.
You reflexively headbutt those who attack you in melee.


Message History

You block the orc warrior's attack.
Items here: ( ) [ †.
You slash the orc warrior! You burn the orc warrior.
Your headbutt misses the orc warrior.
The orc warrior is moderately wounded.
You slash the orc warrior! You burn the orc warrior.
You block the orc warrior's attack.
Unknown command.
You closely miss the orc warrior. Your headbutt misses the orc warrior.
The orc warrior is heavily wounded.
You hit the orc warrior. You burn the orc warrior.
You block the orc warrior's attack.
The centaur hits you but does no damage.
Unknown command.
You slice the orc warrior!! You burn the orc warrior.
You kill the orc warrior!
Trog accepts your kill.
You closely miss the orc warrior.
The centaur hits you but does no damage.
You closely miss the orc warrior.
The orc warrior is heavily wounded.
The orc warrior hits you but does no damage.
You block the centaur's attack.
You barely miss the orc warrior. You headbutt the orc warrior!
The orc warrior is severely wounded.
You are no longer berserk.
You are exhausted.
You feel yourself slow down.
The orc warrior hits you with a +0 spear.
* * * LOW HITPOINT WARNING * * *
The centaur throws a javelin.
The javelin pierces through you.
* * * LOW HITPOINT WARNING * * *
You feel yourself speed up.
The centaur throws a javelin.
The javelin pierces through you!
* * * LOW HITPOINT WARNING * * *
You block the orc warrior's attack. You block the centaur's attack.
It was a potion of brilliance.
You feel clever all of a sudden.
The centaur throws a javelin.
The javelin pierces through you!
You die...

#≈≈.≈.....≈~≈)≈~≈.
#≈≈.≈.....≈~≈!≈~≈.....
#≈≈.≈.....≈~≈≈≈~≈.....
#≈≈.≈≈....≈≈~≈~≈≈....≈
#≈≈≈.≈.....≈~≈~≈.....≈
#≈≈≈.≈≈.⌠..≈≈~≈≈..⌠.≈≈
#≈≈≈≈.≈.....≈~≈.....≈.
#≈≈≈≈.≈≈≈...).)...≈≈≈.
#≈≈≈≈≈..≈≈≈.o@).≈≈≈..≈
#≈≈≈≈≈≈≈..≈≈≈.≈≈≈..≈≈≈
##≈≈≈≈≈≈≈≈.)...c.≈≈≈≈≈
##≈≈≈≈≈≈≈≈≈≈≈≈≈≈≈≈≈≈≈
##≈≈≈≈≈≈≈≈≈≈≈≈≈≈≈≈≈≈
###################


You could see an orc warrior and a centaur.

Vanquished Creatures
  A two-headed ogre (D:8)
  The ghost of Palms the Carver, a novice GrGl of Wu Jian (D:6)
  Maggie (D:8)
  6 yaks
  Grum (D:8)
  Menkaure (D:6)
  2 water moccasins
  An ice beast (D:6)
  10 orc warriors (Bailey)
  A black bear (D:5)
  4 ogres
  2 wolves (D:8)
  12 centaurs
  2 bullfrogs
  2 gnoll sergeants
  8 wights
  3 howler monkeys
  5 hounds
  2 jellies
  2 orc priests
  A gnoll bouda (D:3)
  A sleepcap (D:5)
  4 iguanas
  4 orc wizards
  7 gnolls
  6 adders
  A shadow imp (D:6)
  3 white imps
  3 worms
  A dart slug (D:1)
  25 orcs
  3 bats
  4 endoplasms
  2 giant cockroaches
  9 goblins
  6 hobgoblins
  6 kobolds
  5 quokkas
  11 ball pythons
  3 frilled lizards (D:3)
  3 rats (D:1)
175 creatures vanquished.

Vanquished Creatures (others)
  An orc (Bailey)
  5 plants (D:3)
6 creatures vanquished.

Grand Total: 181 creatures vanquished

Notes
Turn   | Place    | Note
-------+----------+-------------------------------------------
     0 | D:1      | meatpath the Minotaur Berserker began the quest for the
                  | Orb.
     0 | D:1      | Reached XP level 1. HP: 19/19 MP: 0/0
   129 | D:1      | Reached XP level 2. HP: 27/27 MP: 1/1
  1177 | D:2      | Reached XP level 3. HP: 33/33 MP: 2/2
  1522 | D:3      | Reached XP level 4. HP: 39/41 MP: 3/3
  1522 | D:3      | Reached ** piety under Trog
  2151 | D:3      | Found a bloodstained altar of Trog.
  2401 | D:4      | Found an ancient bone altar of Kikubaaqudgha.
  2462 | D:4      | HP: 3/61 [gnoll bouda/+0 whip (9)]
  2725 | D:3      | Reached skill level 5 in Fighting
  2725 | D:3      | Reached skill level 5 in Axes
  2725 | D:3      | Reached XP level 5. HP: 23/48 MP: 4/4
  3543 | D:4      | Identified a scroll of acquirement
  3544 | D:4      | Acquired the +3 pair of boots of the Arcane {rC- Slay+5}
  3560 | D:5      | Entered Level 5 of the Dungeon
  3560 | D:5      | Noticed a centaur
  3564 | D:5      | Killed a centaur
  3565 | D:5      | Reached XP level 6. HP: 43/57 MP: 5/5
  3669 | D:5      | Found a staircase to the Ecumenical Temple.
  3877 | D:5      | Reached XP level 7. HP: 39/64 MP: 6/6
  3887 | D:5      | Reached skill level 5 in Armour
  4722 | D:5      | Reached XP level 8. HP: 73/73 MP: 7/7
  5008 | D:6      | Found a runed translucent door.
  5149 | D:6      | Noticed Palms's ghost (novice GrGl)
  5201 | D:6      | Found a shadowy altar of Dithmenos.
  5294 | D:6      | Reached skill level 1 in Shields
  5380 | D:6      | Found Zuicech's Antique Armour Emporium.
  5423 | D:6      | Bought an embroidered hat for 133 gold pieces
  5423 | D:6      | Bought a pair of runed gloves for 142 gold pieces
  5547 | D:6      | Found a glowing golden altar of the Shining One.
  5863 | D:6      | Noticed Menkaure
  5869 | D:6      | Killed Menkaure
  6264 | D:6      | Reached XP level 9. HP: 61/83 MP: 8/8
  6506 | D:6      | Killed Palms's ghost
  6507 | D:6      | Reached skill level 5 in Shields
  6694 | D:7      | Reached *** piety under Trog
  6909 | D:7      | Found a stormy altar of Qazlal.
  7170 | D:8      | Reached skill level 10 in Fighting
  7170 | D:8      | Reached skill level 10 in Axes
  7435 | D:8      | Noticed Grum
  7453 | D:8      | Killed Grum
  7454 | D:8      | Reached XP level 10. HP: 88/94 MP: 9/9
  7691 | D:8      | Noticed Maggie
  7704 | D:8      | Killed Maggie
  8134 | D:8      | Noticed a two-headed ogre
  8146 | D:8      | Killed a two-headed ogre
  8425 | D:9      | Found a flagged portal.
  8440 | Bailey   | Entered a bailey
  9055 | Bailey   | Reached **** piety under Trog
  9113 | Bailey   | HP: 4/97 [centaur/javelin (8)]
  9114 | Bailey   | Hit by a javelin thrown by a centaur

Illustrated notes

Levels and vault maps discovered:
D:1:      wander_arrival_fairy_ring, layout_basic
D:2:      layout_basic
D:3:      layout_loops_ring, trog_butcher_becter, serial_bayou_lagoon_a
D:4:      layout_cave_pods, nicolae_kikubaaqudgha_miasma_corner
D:5:      layout_basic, minmay_temple_entry_large_hall, minmay_manual_mail
D:6:      layout_layer_cave, mainiacjoe_overflow_24_doors, kennysheep_mini,
          serial_shops, shop, ebering_ghost_sewer_d, hangedman_minor_gate_pass,
          uniq_menkaure
D:7:      layout_cave_pools, grunt_qazlal_sundering
D:8:      layout_basic, uniq_maggie, uniq_grum
D:9:      layout_rooms, nzn_hepliaklqana_mist_gate, vehumet_crystals,
          nicolae_overflow_hidden_temple, david_lair_generic, enter_bailey_3
Bailey:   bailey_polearm_flooded_kennysheep, bailey

Skill      XL: |  1  2  3  4  5  6  7  8  9 10 |
---------------+-------------------------------+-----
Fighting       | 4 5 6 7 9 10 11 | 11.9
Axes           | 4 5 6 7 8 10 11 | 11.9
Dodging        | 3 |  3.5
Armour         | 3 4 6 |  6.3
Shields        | 4 7 9 |  9.1

Action                     |  1- 3 |  4- 6 |  7- 9 | 10-12 || total
---------------------------+-------+-------+-------+-------++-------
  Melee: Hand axe          |    53 |    51 |   131 |   148 ||   383
         Headbutt          |     7 |    17 |    40 |    38 ||   102
         Punch             |     1 |       |       |       ||     1
         Halberd           |       |    40 |    69 |       ||   109
 Invoke: Berserk           |       |     2 |     3 |     3 ||     8
         Trog's Hand       |       |       |     1 |       ||     1
    Use: Scroll            |     2 |    10 |     4 |     3 ||    19
         Potion            |       |       |       |     2 ||     2
   Stab: Sleeping          |     1 |       |       |       ||     1
 Armour: Animal skin       |     8 |     9 |       |       ||    17
         Scale mail        |       |    16 |   116 |    82 ||   214
  Dodge: Dodged            |    34 |    56 |   122 |    75 ||   287
  Block: Tower shield      |       |       |    77 |   181 ||   258
